 Dungeon Crawl Stone Soup version 0.18.0-1-g0107ab7 (webtiles) character file.

66112 Svalin the Severer (level 15, -5/147 HPs)
             Began as a Hill Orc Berserker on May 5, 2016.
             Was an Elder of Trog.
             Slain by a dire elephant (14 damage)
             ... on level 8 of the Lair of Beasts.
             The game lasted 01:26:58 (28124 turns).

Svalin the Severer (Hill Orc Berserker)            Turns: 28124, Time: 01:26:59

Health: -5/147     AC: 20    Str: 22    XL:     15   Next: 18%
Magic:  15/15      EV: 11    Int: 10    God:    Trog [****..]
Gold:   873        SH:  0    Dex: 15    Spells: 0 memorised, 14 levels left

rFire  . . .     SeeInvis .     Z - +7 battleaxe (flame)
rCold  + . .     Gourm    +     W - +3 ring mail {rC+}
rNeg   + . .     Faith    .     (shield currently unavailable)
rPois  +         Spirit   .     l - +2 helmet
rElec  +         Dismiss  .     G - +2 cloak
rCorr  .         Reflect  .     (no gloves)
SustAt .         Harm     .     k - +0 pair of boots
MR     +....                    Q - amulet of the gourmand
Stlth  +.........               M - ring "Tuihacho" {*Drain rElec rPois rN+ Int+3}
                                d - +3 ring of slaying

@: exhausted, slowed, very slow, somewhat resistant to hostile enchantments,
very unstealthy
A: no striking features
a: Berserk, Trog's Hand, Brothers in Arms, Burn Spellbooks, Renounce Religion


You were on level 8 of the Lair of Beasts.
You worshipped Trog.
Trog was greatly pleased with you.
You were completely stuffed.

You visited 2 branches of the dungeon, and saw 19 of its levels.
You also visited: Labyrinth.

You collected 1413 gold pieces.
You spent 540 gold pieces at shops.

Inventory:

Hand Weapons
 w - a +2 battleaxe of venom
 Y - a +4 antimagic battleaxe
 Z - a +7 battleaxe of flaming (weapon)
Armour
 k - a +0 pair of boots (worn)
 l - a +2 helmet (worn)
 A - a +2 ring mail of magic resistance
 G - a +2 cloak (worn)
 H - a +0 cloak of poison resistance
 W - a +3 ring mail of cold resistance (worn)
Jewellery
 b - a +3 ring of strength
 d - a +3 ring of slaying (left hand)
 e - the ring "Xeror" {rElec rF+ Dex-3 Stlth-}
   (You found it on level 7 of the Lair of Beasts)

   [ring of loudness]

   It affects your dexterity (-3).
   It protects you from fire.
   It insulates you from electricity.
   It makes you less stealthy.
 M - the ring "Tuihacho" (right hand) {*Drain rElec rPois rN+ Int+3}
   (You found it on level 7 of the Lair of Beasts)

   [ring of intelligence]

   It affects your intelligence (+3).
   It insulates you from electricity.
   It protects you from poison.
   It protects you from negative energy.
   It causes draining when unequipped.
 Q - an amulet of the gourmand (around neck)
Wands
 h - a wand of hasting (5/9)
 j - a wand of lightning (2/15)
 o - a wand of digging (7/24)
 r - a wand of disintegration (23/24)
 s - a wand of acid (10/15)
 P - a wand of slowing (40/48)
Scrolls
 a - 5 scrolls of teleportation
 g - 7 scrolls of remove curse
 m - a scroll of magic mapping
 q - a scroll of recharging
 B - 2 scrolls of fog
Potions
 i - 2 potions of cure mutation
 n - a potion of cancellation
 p - a potion of beneficial mutation {unknown}
 t - a potion of might
 C - 5 potions of curing
 J - a potion of ambrosia
 K - a potion of resistance
 L - 2 potions of berserk rage
 U - a potion of flight
 V - a potion of lignification
Miscellaneous
 D - a fan of gales
 F - a plain deck of defence
 O - a sack of spiders
Comestibles
 c - 10 bread rations
 f - 13 meat rations
 v - 2 chunks of flesh
 x - a royal jelly
 N - 9 slices of pizza
 R - 4 beef jerkies
 T - 24 fruits


   Skills:
 + Level 17.2 Fighting
 + Level 19.3 Axes
 + Level 15.8 Armour
 - Level 1.5 Dodging


You had 14 spell levels left.
You didn't know any spells.

Dungeon Overview and Level Annotations

Branches:
Dungeon (11/15)            Temple (0/1) D:4            Lair (8/8) D:11
  Swamp (0/4) Lair:3       Spider (0/4) Lair:4        Slime (0/6) Lair:7
    Orc (0/2) D:9

Altars:
Fedhas
Kikubaaqudgha
Pakellas
Qazlal
Ru
Yredelemnul

Shops:
D:5 =   D:9 =

Annotations:
D:3 tijit's ghost, amateur DsIE
Lair:2 exclusion: oklob plant
Lair:4 exclusion: oklob plant


Message History

You feel somewhat less full. The dire elephant tramples you!
* * * LOW HITPOINT WARNING * * *
You hold your ground!
The dire elephant closely misses you. The dire elephant tramples you!
* * * LOW HITPOINT WARNING * * *
You hold your ground!
The dire elephant misses you.
Drink which item? (? for menu, Esc to quit)
You feel better.
Your two-headed ogre hits the dire elephant with a giant club!!
Your two-headed ogre hits the dire elephant with a great mace!!
The dire elephant tramples you.
* * * LOW HITPOINT WARNING * * *
You hold your ground!
The dire elephant trunk-slaps you.
* * * LOW HITPOINT WARNING * * *
Drink which item? (? for menu, Esc to quit)
You feel better.
Your two-headed ogre hits the dire elephant with a giant club!
Your two-headed ogre barely misses the dire elephant.
The dire elephant tramples you!
You die...

#.Y..##8.#.........
*#†'####.#.........
##≈≈≈.##.#.........
#≈≈≈≈≈.#.#........#
#≈≈≈≈≈≈#.#......#.#
#..≈≈≈##.#....PP...
##...≈#..#.P...PP..
##+####.##..PPPP...
#8@8#...#♣...P.....
#.Y.#.###..........
####.O##.##...........
#..'..#..#♣.........##
###..'..#.##♣........###
#...#####.# ♣........# #
##...#8...# #♣......## #
*#...'..######.......# #
#...##8..'..)#♣......# #


You could see a dire elephant and a friendly two-headed ogre (berserk).

Vanquished Creatures
  A dire elephant (Lair:8)
  A minotaur (Lab)
  Erolcha (D:8)
  8 hydras
  2 catoblepae (Lair:8)
  An anaconda (Lair:8)
  19 death yaks
  An unseen horror (D:10)
  An orb spider (Lair:4)
  A lindwurm (Lair:7)
  4 hill giants
  Pikel (D:7)
  An ugly thing (D:11)
  5 griffons
  4 elephants
  Joseph (Lair:1)
  4 black mambas
  Psyche (D:10)
  A torpor snail (Lair:4)
  13 spiny frogs
  2 rime drakes
  A kobold demonologist (D:10)
  5 komodo dragons
  15 water moccasins
  2 polar bears (Lair:1)
  A troll (D:11)
  2 two-headed ogres
  8 blink frogs
  A wraith (D:11)
  Eustachio (D:5)
  6 wyverns
  34 yaks
  A human (D:10)
  3 hungry ghosts
  A steam dragon (D:11)
  15 hippogriffs
  Grum (D:9)
  Menkaure (D:4)
  10 swamp worms (Lair:7)
  A mottled dragon (D:11)
  14 porcupines
  3 sky beasts (D:11)
  6 orc warriors
  3 black bears
  An ice beast (D:7)
  2 phantoms
  5 ogres
  A necrophage (D:6)
  17 wolves
  5 centaurs
  18 crocodiles
  22 giant frogs
  2 scorpions
  4 killer bees (D:7)
  10 wights
  5 electric eels
  8 howler monkeys
  A centaur zombie (D:6)
  4 crimson imps
  3 giant frog zombies
  4 hounds
  2 giant frog skeletons
  6 orc priests
  2 centaur skeletons
  A gnoll shaman (D:6)
  2 jellies
  15 orc wizards
  12 iguanas
  5 worker ants
  23 sheep
  A killer bee zombie (D:9)
  Robin (D:1)
  A worker ant zombie (D:11)
  5 gnolls (D:6)
  8 adders
  91 river rats
  2 shadow imps
  2 adder zombies (D:5)
  2 adder skeletons
  9 worms
  2 dart slugs
  5 giant geckos
  49 orcs
  4 ball pythons
  9 bats
  3 giant cockroaches
  2 gnoll zombies (D:4)
  16 goblins
  14 hobgoblins
  10 jackals
  7 quokkas
  4 giant newts
  6 kobolds
  A quokka skeleton (D:4)
  A quokka zombie (D:6)
  11 rats
  9 fungi
  19 plants
682 creatures vanquished.

Vanquished Creatures (collateral kills)
  Nessos (Lair:8)
  A hydra (Lair:7)
  6 elephants
8 creatures vanquished.

Vanquished Creatures (others)
  A death yak (Lair:6)
  3 elephants (Lair:6)
  2 spiny frogs (Lair:7)
  2 yaks (Lair:7)
  4 slaves (D:7)
  An ogre (D:7)
  A giant frog (Lair:4)
  An orc priest (D:7)
  A hound (D:7)
  An orc wizard (D:7)
  An iguana (Lair:5)
  2 river rats (Lair:7)
  6 orcs
  23 fungi
  15 plants
64 creatures vanquished.

Grand Total: 754 creatures vanquished

Notes
Turn   | Place    | Note
--------------------------------------------------------------
     0 | D:1      | Svalin the Hill Orc Berserker began the quest for the Orb.
     0 | D:1      | Reached XP level 1. HP: 19/19 MP: 1/1
   545 | D:1      | Reached XP level 2. HP: 22/26 MP: 2/2
   852 | D:1      | Reached skill level 5 in Axes
  1486 | D:1      | Reached XP level 3. HP: 25/31 MP: 3/3
  1696 | D:2      | Noticed Robin
  1714 | D:1      | Killed Robin
  1728 | D:1      | Reached ** piety under Trog
  1779 | D:1      | Reached skill level 6 in Axes
  2294 | D:2      | Found an oddly glowing altar of Pakellas.
  2308 | D:2      | Reached XP level 4. HP: 39/39 MP: 4/4
  3376 | D:3      | Reached skill level 7 in Axes
  3480 | D:3      | Reached XP level 5. HP: 26/45 MP: 5/5
  3671 | D:3      | Noticed tijit's ghost (amateur DsIE)
  4125 | D:4      | Found a basalt altar of Yredelemnul.
  4145 | D:4      | Found a staircase to the Ecumenical Temple.
  4293 | D:4      | Noticed Menkaure
  4300 | D:4      | Killed Menkaure
  4300 | D:4      | Reached skill level 8 in Axes
  4300 | D:4      | Reached XP level 6. HP: 38/53 MP: 6/6
  4433 | D:4      | Found a stormy altar of Qazlal.
  4672 | D:5      | Entered Level 5 of the Dungeon
  4784 | D:5      | Noticed Eustachio
  4802 | D:5      | Killed Eustachio
  4802 | D:5      | Reached skill level 5 in Fighting
  4802 | D:5      | Reached XP level 7. HP: 61/61 MP: 7/7
  5127 | D:5      | Found a blossoming altar of Fedhas.
  5489 | D:5      | Reached *** piety under Trog
  5891 | D:5      | Found Luz Miho's Jewellery Emporium.
  6189 | D:6      | Found an ancient bone altar of Kikubaaqudgha.
  6268 | D:6      | Reached skill level 9 in Axes
  6278 | D:6      | Reached skill level 5 in Armour
  6319 | D:6      | Reached XP level 8. HP: 70/70 MP: 8/8
  6950 | D:6      | Found a sacrificial altar of Ru.
  7039 | D:6      | Reached skill level 10 in Axes
  7260 | D:7      | Found an ancient bone altar of Kikubaaqudgha.
  7309 | D:7      | Reached XP level 9. HP: 81/81 MP: 9/9
  7495 | D:7      | Noticed Pikel
  7502 | D:7      | Killed Pikel
  7502 | D:7      | Reached skill level 11 in Axes
  8330 | D:7      | Reached **** piety under Trog
  8776 | D:7      | Reached skill level 12 in Axes
  8776 | D:7      | Reached XP level 10. HP: 25/92 MP: 10/10
  9201 | D:8      | Reached skill level 10 in Fighting
  9472 | D:8      | Noticed Erolcha
  9707 | D:8      | Killed Erolcha
 10117 | D:9      | Reached skill level 13 in Axes
 10240 | D:9      | Found a staircase to the Orcish Mines.
 10387 | D:9      | Noticed Grum
 10425 | D:9      | Killed Grum
 10760 | D:9      | Reached skill level 10 in Armour
 10772 | D:9      | Found Jidasseg's Jewellery Shop.
 10945 | D:9      | Reached XP level 11. HP: 102/102 MP: 11/11
 11183 | D:10     | Entered Level 10 of the Dungeon
 11208 | D:10     | Noticed a hill giant
 11217 | D:10     | Killed a hill giant
 11223 | D:10     | Killed an unseen horror
 11282 | D:10     | Noticed a hill giant
 11292 | D:10     | Killed a hill giant
 11472 | D:5      | Reached skill level 14 in Axes
 11538 | D:5      | Bought a +3 ring of slaying for 540 gold pieces
 11768 | D:10     | Gained mutation: Your body sometimes deteriorates upon taking damage. [potion of mutation]
 11768 | D:10     | Gained mutation: You possess an exceptional clarity of mind. [potion of mutation]
 11768 | D:10     | Gained mutation: Your spells are a little harder to cast, but a little more powerful. [potion of mutation]
 11769 | D:10     | Lost mutation: Your spells are a little harder to cast, but a little more powerful. [potion of cure mutation]
 11769 | D:10     | Lost mutation: You possess an exceptional clarity of mind. [potion of cure mutation]
 11769 | D:10     | Lost mutation: Your body sometimes deteriorates upon taking damage. [potion of cure mutation]
 11838 | D:10     | Noticed Psyche
 11850 | D:10     | Killed Psyche
 12612 | D:11     | Found a staircase to the Lair.
 12901 | D:11     | Noticed a cyan ugly thing
 13034 | D:11     | Killed a cyan ugly thing
 13195 | D:11     | Noticed a hill giant
 13205 | D:11     | Killed a hill giant
 13877 | D:11     | Noticed a hill giant
 13885 | D:11     | Killed a hill giant
 13885 | D:11     | Reached skill level 15 in Axes
 13885 | D:11     | Reached XP level 12. HP: 60/113 MP: 12/12
 14335 | Lair:1   | Entered Level 1 of the Lair of Beasts
 14773 | Lair:1   | Noticed Joseph
 14787 | Lair:1   | Killed Joseph
 15440 | Lair:1   | Reached ***** piety under Trog
 16640 | Lair:2   | Reached skill level 16 in Axes
 16816 | Lair:2   | Received a gift from Trog
 18119 | Lair:3   | Found a staircase to the Swamp.
 18402 | Lair:3   | Reached XP level 13. HP: 124/124 MP: 13/13
 19094 | Lair:4   | Found an oddly glowing altar of Pakellas.
 19469 | Lair:4   | Found a hole to the Spider Nest.
 20535 | Lair:5   | Reached skill level 17 in Axes
 21327 | Lair:5   | Reached skill level 15 in Fighting
 22156 | Lair:6   | Identified a scroll of acquirement
 22569 | Lair:6   | Found a sacrificial altar of Ru.
 23580 | Lair:7   | Got a wavering pewter ring
 23582 | Lair:7   | Identified the ring "Tuihacho" {*Drain rElec rPois rN+ Int+3} (You found it on level 7 of the Lair of Beasts)
 23734 | Lair:7   | Reached XP level 14. HP: 126/135 MP: 14/14
 24142 | Lair:7   | Found a staircase to the Slime Pits.
 24290 | Lair:7   | Reached skill level 18 in Axes
 24427 | Lair:7   | Received a gift from Trog
 24982 | Lair:7   | Got a vibrating pewter ring
 24984 | Lair:7   | Identified the ring "Xeror" {rElec rF+ Dex-3 Stlth-} (You found it on level 7 of the Lair of Beasts)
 25131 | Lair:8   | Entered Level 8 of the Lair of Beasts
 25620 | Lair:8   | Found a labyrinth entrance.
 25634 | Lab      | Entered a labyrinth
 26270 | Lair:8   | Reached skill level 15 in Armour
 27055 | Lair:8   | Noticed Nessos
 27065 | Lair:8   | Killed Nessos
 27305 | Lair:8   | Reached skill level 19 in Axes
 27311 | Lair:8   | Reached XP level 15. HP: 146/146 MP: 15/15
 28122 | Lair:8   | HP: 4/147 [dire elephant (12)]
 28124 | Lair:8   | Slain by a dire elephant

Skill      XL: |  1  2  3  4  5  6  7  8  9 10 11 12 13 14 15 |
---------------+----------------------------------------------+-----
Axes           | 5 6 7 8 9 10 12 13 15 16 17 19 | 19.3
Fighting       | 4 5 6 7 9 11 12 14 15 16 17 | 17.2
Armour         | 3 4 5 6 8 10 11 12 14 15 | 15.8
Dodging        | |  1.5

Action                   |  1- 3 |  4- 6 |  7- 9 | 10-12 | 13-15 || total
-------------------------+-------+-------+-------+-------+-------++-------
Melee: Hand axe          |   114 |   181 |    50 |       |       ||   345
       Whip              |     7 |       |       |       |       ||     7
       War axe           |       |       |   200 |       |       ||   200
       Battleaxe         |       |       |   125 |   651 |   546 ||  1322
Throw: Tomahawk          |       |       |       |     4 |       ||     4
Invok: Berserk           |     3 |     4 |     9 |    12 |    11 ||    39
       Trog's Hand       |       |     3 |     7 |    11 |     5 ||    26
       Burn Spellbooks   |       |       |       |     6 |     2 ||     8
       Brothers in Arms  |       |       |       |     2 |    11 ||    13
Evoke: Wand              |       |       |       |     2 |     4 ||     6
  Use: Scroll            |     5 |     1 |    13 |    13 |    18 ||    50
       Potion            |       |     1 |     1 |     5 |     8 ||    15
 Stab: Invisible         |       |       |       |     3 |       ||     3
       Distracted        |       |       |       |       |     1 ||     1
  Eat: Chunk             |     7 |    11 |    22 |    65 |    45 ||   150
       Beef jerky        |       |     1 |     1 |     2 |       ||     4
       Bread ration      |       |       |     1 |     1 |       ||     2
       Pizza             |       |       |     1 |       |       ||     1
Armor: Animal skin       |    32 |       |       |       |       ||    32
       Leather armour    |     3 |    37 |       |       |       ||    40
       Scale mail        |       |    11 |     7 |       |       ||    18
       Ring mail         |       |       |   157 |   182 |    85 ||   424
       Chain mail        |       |       |       |   115 |   258 ||   373
Dodge: Dodged            |    78 |    66 |   162 |   284 |   262 ||   852
Block: Other             |       |    12 |    45 |    49 |       ||   106
       Reflection        |       |       |       |     1 |       ||     1
